 Dungeon Crawl Stone Soup version 0.15-a0-413-gc6111ba (webtiles) character file.

25 4tharraofdagon the Grave Robber (level 2, -9/19 HPs)
             Began as a Demonspawn Necromancer on May 5, 2014.
             Was an Initiate of Sif Muna.
             Mangled by Sigmund
             ... wielding a +1,+0 scythe
              (13 damage)
             ... on Level 2 of the Dungeon.
             The game lasted 00:03:14 (449 turns).

4tharraofdagon the Grave Robber (DsNe)               Turns: 449, Time: 00:03:14

HP  -9/19        AC  3     Str  8      XL: 2   Next: 44%
MP   3/4         EV 12     Int 16      God: Sif Muna [......]
Gold 8           SH  0     Dex 13      Spells:  1 memorised,  4 levels left

rFire  . . .     SeeInvis .     (no weapon)
rCold  . . .     Clarity  .     a - +1 robe
rNeg   . . .     Conserve .     (no shield)
rPois  .         rCorr    .     (no helmet)
rElec  .         rRot     .     (no cloak)
SustAb . .       Spirit   .     (no gloves)
rMut   .         Warding  .     (no boots)
Saprov . . .     Stasis   .     (no amulet)
MR     .....                    (no ring)
                                (no ring)

@: short of breath, very slightly contaminated, hasted, very quick, not
resistant to hostile enchantments, unstealthy
A: blurry vision 2, demonic guardian 1, spit poison 1
a: Spit Poison, Renounce Religion


You were on level 2 of the Dungeon.
You worshipped Sif Muna.
Sif Muna was noncommittal.
You were not hungry.

You visited 1 branch of the dungeon, and saw 3 of its levels.

You collected 8 gold pieces.

Inventory:

Armour
 a - a +1 robe (worn)
Comestibles
 c - 3 bread rations
Scrolls
 e - a scroll of identify
Potions
 i - a potion of haste
Books
 b - a book of Necromancy

   Spells                             Type                      Level
   *Pain                              Necromancy                   1
   Animate Skeleton                   Necromancy                   1
   Vampiric Draining                  Necromancy                   3
   Regeneration                       Charms/Necromancy            3
   Animate Dead                       Necromancy                   4
   Control Undead                     Necromancy                   4


   Skills:
 - Level 1.7 Dodging
 - Level 1.7 Stealth
 - Level 0.6 Unarmed Combat
 + Level 2.1 Spellcasting
 * Level 4.7 Necromancy
 * Level 1.1 Invocations


You had 4 spell levels left.
You knew the following spells:

 Your Spells              Type           Power        Failure   Level  Hunger
a - Pain                  Necr           ###.         3%          1    #......


Dungeon Overview and Level Annotations

Branches:
Dungeon (3/15)

Altars:
Okawaru
Sif Muna

Annotations:
D:2 Sigmund, Terence


Innate Abilities, Weirdness & Mutations

A weak demonic guardian rushes to your aid.
Your vision is quite blurry.
You can spit poison.


Message History

* * * LOW HITPOINT WARNING * * *
You are very lightly contaminated with residual magic.
Drink which item? (? for menu, Esc to quit)
You feel extremely strange.
There is a nasty taste in your mouth for a moment.
Your vision blurs. x2
It was a potion of mutation.
Use which ability? (? or * to list)
Press: ? - help, Shift-Dir - straight line, f - quokka
Aim: a quokka The splash of poison hits the quokka.
The quokka is poisoned.
You kill the quokka!
You feel slightly more hungry.
Casting: Pain
Confirm with . or Enter, or press ? or * to list all spells.
Aiming: Pain
Press: ? - help, Shift-Dir - straight line Nothing appears to happen.
Something hits you!
Ouch! That really hurt!
You die...

# #..#8.#.8# # #..##...## #
#.####.## #.##♣#'# # #..'[..♣ #
####♣#'# ## ### ##.## ##########.
..# #...#########...5......
..########8.#.8#@..[....########.
..'......##...########### #.
..##########_## #. ..# ## #. ###
#. ##


There were no monsters in sight!

Vanquished Creatures
  6 hobgoblins
  2 bats (D:2)
  2 goblins
  3 kobolds (D:2)
  A quokka (D:2)
  2 rats
16 creatures vanquished.

Notes
Turn   | Place    | Note
--------------------------------------------------------------
     0 | D:1      | 4tharraofdagon, the Demonspawn Necromancer, began the quest for the Orb.
     0 | D:1      | Reached XP level 1. HP: 13/13 MP: 3/3
    50 | D:2      | Found a deep blue altar of Sif Muna.
    56 | D:2      | Found an iron altar of Okawaru.
    66 | D:2      | Became a worshipper of Sif Muna the Loreminder
   200 | D:1      | Gained mutation: A weak demonic guardian rushes to your aid. [demonic ancestry]
   200 | D:1      | Reached XP level 2. HP: 13/19 MP: 0/4
   363 | D:2      | Noticed Terence
   376 | D:2      | Reached skill level 1 in Invocations
   423 | D:2      | Noticed Sigmund
   447 | D:2      | Gained mutation: You can spit poison. [potion of mutation]
   447 | D:2      | Gained mutation: Your vision is a little blurry. [potion of mutation]
   447 | D:2      | Gained mutation: Your vision is quite blurry. [potion of mutation]
   449 | D:2      | Mangled by Sigmund

Action                   || total
-------------------------++-------
 Cast: Pain              ||    24
 Abil: Spit Poison       ||     1
  Use: Potion            ||     3
       Scroll            ||     4
